Map: [TLMC15] Pride of Altaris

Players

Serral - Winner!

  • Race: Zerg Zerg

ByuN

  • Race: Terran Terran

Event: StayAtHome Story Cup #4

VOD

Have the link to the VOD?

Description

Time

  • Played on: Oct. 23, 2021, 9:20 a.m.
  • Length: 12:44

All games in this series

Show
View Real Time Build Order
Export as new Build Order

Serral Zerg - Winner!

Build Orders: Hatch First 

Get SALT Encoding   

  12  0:00  Drone  
  13  0:11  Overlord  
  13  0:16  Drone  
  14  0:30  Drone x2  
  16  0:51  Hatchery  
  16  0:55  Drone  
  16  0:58  Drone  
  16  1:01  Drone  
  18  1:12  Extractor  
  18  1:16  Spawning Pool  
  16  1:19  Drone  
  16  1:23  Drone  
  18  1:28  Drone  
  19  1:39  Drone  
  20  1:49  Drone  
  21  2:02  Queen x2  
  21  2:03  Zergling x2  
  21  2:05  Drone  
  27  2:10  Overlord  
  27  2:14  Drone  
  28  2:25  Hatchery  
  28  2:28  Drone  
  28  2:31  Drone  
  28  2:32  Drone  
  28  2:35  Drone  
  31  2:40  Metabolic Boost  
  31  2:48  Queen  
  33  2:53  Overlord  
  33  2:58  Drone x2  
  35  3:00  Drone  
  36  3:06  Pneumatized Carapace  
  36  3:13  Drone x4  
  36  3:16  Overlord  
  40  3:22  Drone x2  
  40  3:26  Queen  
  44  3:35  Drone x2  
  44  3:36  Queen  
  48  3:43  Drone  
  48  3:44  Overlord  
  48  3:45  Zergling x2  
  48  3:46  Zergling x2  
  48  3:48  Zergling x2  
  52  3:49  Zergling x2  
  52  3:52  Drone  
  52  3:55  Drone  
  54  4:02  Queen, Baneling Nest  
  55  4:05  Drone x3  
  55  4:07  Drone x2  
  60  4:13  Overlord  
  60  4:15  Zergling x2  
  62  4:18  Drone x3  
  62  4:21  Overlord  
  62  4:23  Overlord  
  65  4:30  Queen  
  67  4:33  Evolution Chamber x2  
  67  4:34  Drone, Extractor  
  67  4:35  Drone x3  
  68  4:38  Zergling x2  
  68  4:39  Zergling x4  
  68  4:42  Drone x2  
  68  4:45  Queen  
  75  4:49  Overlord  
  75  4:51  Drone x2  
  75  4:52  Drone  
  78  5:01  Zerg Ground Armor Level 1, Zerg Melee Weapons Level 1, Drone x2  
  80  5:08  Extractor  
  80  5:09  Drone, Baneling Nest, Zergling x4  
  80  5:10  Zergling x2  
  82  5:18  Overlord, Queen  
  84  5:23  Drone x3  
  84  5:25  Lair, Zergling x2  
  84  5:26  Zergling x2  
  90  5:28  Zergling x4  
  90  5:29  Zergling x2  
  90  5:30  Zergling x2  
  90  5:34  Overlord  
  90  5:35  Zergling x4  
  95  5:41  Zergling x2  
  95  5:42  Zergling x8  
  100  5:49  Drone  
  101  5:51  Zergling x2  
  101  5:56  Zergling x10  
  106  6:02  Zergling x2  
  106  6:03  Zergling x6  
  105  6:12  Drone  
  105  6:13  Zergling x8  
  105  6:14  Hatchery  
  105  6:17  Overlord  
  109  6:19  Hatchery  
  109  6:20  Overlord  
  109  6:21  Overlord  
  109  6:23  Centrifugal Hooks  
  107  6:35  Baneling  
  107  6:36  Baneling x7  
  107  6:37  Zergling x8  
  107  6:38  Baneling x7  
  110  6:41  Overseer  
  110  6:44  Zergling x14  
  110  6:45  Zergling x2  
  118  6:48  Zergling x6  
  118  6:51  Zergling x2  
  122  6:56  Overseer  
  122  6:58  Zergling x2  
  122  6:59  Zerg Melee Weapons Level 2  
  123  7:04  Zergling x4  
  123  7:07  Zergling x2  
  123  7:20  Drone x6  
  123  7:21  Overlord x3  
  129  7:25  Overlord  
  129  7:26  Overlord  
  129  7:31  Infestation Pit  
  129  7:34  Drone  
  129  7:35  Queen, Extractor  
  129  7:36  Drone x2, Extractor  
  129  7:37  Drone x2  
  133  7:42  Zerg Ground Armor Level 2  
  133  7:43  Drone x4  
  133  7:44  Drone x2  
  139  7:53  Overlord, Zergling x8  
  139  7:54  Zergling x4  
  145  7:59  Zergling x10  
  145  8:01  Zergling x2  
  151  8:06  Hatchery  
  151  8:08  Hive  
  151  8:12  Drone x2  
  152  8:13  Drone x6  
  152  8:16  Overlord  
  158  8:24  Zergling x12  
  164  8:33  Spore Crawler  
  163  8:35  Drone  
  163  8:38  Zergling x28  
  178  8:44  Overlord  
  178  8:47  Zergling x14  
  184  8:49  Baneling x7  
  184  8:50  Baneling  
  184  8:59  Zergling x14  
  186  9:05  Zergling x14  
  190  9:11  Drone x2  
  190  9:12  Drone x3, Extractor  
  190  9:16  Zergling x2  
  190  9:17  Zergling x4  
  197  9:21  Adrenal Glands  
  197  9:22  Ultralisk Cavern  
  197  9:23  Viper  
  198  9:32  Zerg Melee Weapons Level 3  
  198  9:33  Zergling x6  
  198  9:35  Viper  
  199  9:50  Overlord  
  199  9:53  Baneling x8  
  199  10:02  Zerg Ground Armor Level 3  
  199  10:13  Extractor  
  197  10:14  Extractor, Spire  
  197  10:17  Spore Crawler  
  197  10:20  Drone x3  
  197  10:21  Drone x5  
  196  10:22  Drone x2  
  196  10:26  Chitinous Plating, Burrow  
  190  10:40  Spore Crawler, Overlord  
  180  10:54  Hatchery  
  167  11:08  Baneling x7  
  167  11:10  Ultralisk x3  
  185  11:14  Drone x3  
  185  11:15  Drone x2  
  190  11:19  Zergling x8  
  190  11:20  Zergling x12  
  199  11:34  Baneling x6  
  199  11:40  Baneling x3  
  199  11:41  Baneling x17  
  199  11:43  Overseer  
  199  11:46  Overseer, Extractor  
  198  11:47  Extractor  
  198  11:48  Drone x2  
  198  11:52  Anabolic Synthesis  
  199  11:55  Overseer  
  199  12:00  Overlord  
  195  12:22  Zergling x10  
  200  12:23  Baneling  
  200  12:24  Baneling  
Show
View Real Time Build Order
Export as new Build Order

ByuN Terran 

Build Orders:  

Get SALT Encoding   

  12  0:00  SCV  
  13  0:12  SCV  
  14  0:17  Supply Depot  
  14  0:24  SCV  
  15  0:38  SCV  
  15  0:39  Barracks  
  16  0:51  SCV  
  17  1:03  SCV  
  18  1:12  Command Center  
  18  1:16  SCV  
  19  1:26  Marine  
  19  1:28  Orbital Command  
  20  1:35  Refinery  
  20  1:39  Refinery  
  20  1:44  Marine  
  21  1:48  Supply Depot  
  22  1:54  SCV  
  22  2:01  Marine  
  23  2:10  SCV  
  24  2:20  Factory  
  24  2:22  SCV  
  26  2:28  Orbital Command  
  26  2:32  Barracks Reactor  
  26  2:34  SCV  
  26  2:46  SCV  
  26  2:50  Barracks  
  27  2:51  Barracks  
  27  2:56  SCV  
  29  2:58  SCV  
  29  3:08  SCV  
  29  3:10  SCV  
  31  3:12  Supply Depot  
  31  3:13  Hellion x2  
  31  3:17  Barracks Tech Lab  
  35  3:20  SCV  
  35  3:22  SCV  
  37  3:33  SCV  
  38  3:34  SCV  
  38  3:35  Hellion x2  
  38  3:36  Marine  
  38  3:38  Supply Depot  
  38  3:39  Stimpack  
  38  3:40  Barracks Reactor x2  
  44  3:45  SCV  
  44  3:46  SCV  
  46  3:57  SCV  
  46  3:59  Marine  
  46  4:01  Starport  
  46  4:02  SCV  
  50  4:10  SCV  
  50  4:13  Supply Depot  
  50  4:14  SCV  
  50  4:16  Marine  
  52  4:17  Marine x2  
  52  4:19  Marine x2  
  52  4:22  SCV  
  57  4:26  SCV  
  58  4:34  SCV  
  58  4:36  Supply Depot, Command Center  
  61  4:38  SCV  
  61  4:42  Medivac  
  61  4:43  Marine x2, Medivac  
  66  4:45  Marine  
  66  4:46  SCV, Marine x2  
  70  4:58  SCV  
  70  4:59  Supply Depot  
  71  5:00  SCV  
  71  5:01  Refinery  
  71  5:02  Refinery  
  71  5:04  Marine x5  
  77  5:10  Supply Depot, SCV  
  78  5:20  SCV  
  79  5:22  SCV  
  79  5:23  Engineering Bay  
  79  5:24  Engineering Bay  
  79  5:25  Marine x4  
  79  5:28  Marine  
  85  5:31  Factory Tech Lab  
  85  5:33  SCV  
  85  5:34  SCV  
  87  5:44  Marine x2  
  87  5:45  SCV, Marine x3  
  87  5:46  SCV  
  94  5:51  Siege Tank  
  95  6:02  Marine x2  
  95  6:04  Marine x3  
  86  6:06  Orbital Command  
  86  6:07  Terran Infantry Weapons Level 1, Terran Infantry Armor Level 1  
  88  6:18  Medivac x2  
  92  6:20  Marine x2  
  92  6:21  Marine  
  92  6:22  Marine x2  
  92  6:23  Siege Tank  
  100  6:29  Orbital Command  
  99  6:38  SCV x2, Marine x2  
  99  6:39  Marine x2  
  104  6:40  Marine, Armory  
  106  6:50  SCV  
  106  6:51  Combat Shield  
  106  6:53  SCV  
  108  6:54  Barracks  
  108  6:55  Barracks  
  108  6:56  Marine  
  109  7:02  Orbital Command  
  109  7:13  Marine  
  109  7:14  SCV, Marine  
  109  7:15  SCV, Marine x2  
  109  7:31  Marine x2  
  109  7:32  SCV x2, Siege Tank  
  109  7:35  SCV  
  117  7:40  Supply Depot  
  117  7:41  Supply Depot  
  117  7:49  Terran Vehicle Weapons Level 1  
  117  7:51  Barracks Reactor  
  117  7:52  Barracks Reactor  
  117  8:02  SCV x3, Terran Infantry Armor Level 2, Liberator x2, Marine x5, Terran Infantry Weapons Level 2  
  131  8:14  SCV x2  
  131  8:15  Refinery  
  131  8:16  Refinery  
  131  8:17  Factory  
  131  8:19  Supply Depot  
  133  8:21  Supply Depot  
  133  8:33  SCV x3, Marine x2, Siege Tank  
  141  8:36  Supply Depot  
  141  8:43  Marine x2  
  141  8:44  Marine x5  
  141  8:45  SCV x3  
  151  8:48  Command Center  
  151  8:55  Supply Depot  
  151  8:56  Supply Depot  
  151  9:00  SCV x3  
  153  9:05  Siege Tank  
  153  9:09  Supply Depot  
  154  9:11  Factory Tech Lab  
  154  9:17  Marine x9  
  154  9:18  Barracks  
  154  9:19  Barracks  
  154  9:20  Barracks  
  163  9:32  Sensor Tower  
  163  9:34  Marine  
  163  9:38  Siege Tank  
  146  9:39  Siege Tank  
  149  9:46  Supply Depot  
  149  9:52  Command Center  
  149  9:55  Command Center  
  149  9:59  Terran Vehicle Weapons Level 2  
  149  10:01  SCV x2  
  149  10:02  SCV  
  152  10:18  Supply Depot  
  152  10:19  Supply Depot, Barracks Tech Lab  
  152  10:20  Barracks Tech Lab  
  152  10:22  Barracks Tech Lab  
  152  10:25  SCV x3  
  155  10:29  Siege Tank  
  141  10:37  Medivac x2, Siege Tank  
  141  10:39  SCV  
  141  10:41  SCV  
  144  10:51  SCV x2  
  144  10:55  SCV  
  129  10:58  Orbital Command  
  129  11:00  Refinery  
  129  11:01  Refinery, Siege Tank  
  129  11:03  SCV x2  
  134  11:07  Orbital Command, Sensor Tower  
  134  11:09  Orbital Command  
  134  11:17  Siege Tank  
  137  11:20  Liberator x2  
  143  11:31  Ghost Academy  
  143  11:33  Marine x3, Siege Tank  
  143  11:34  Marine x5  
  143  11:36  Command Center  
  154  11:53  Siege Tank  
  157  12:00  Command Center  
  157  12:03  Ghost x4  
  157  12:05  Missile Turret  
  165  12:14  Command Center  
  164  12:22  Marine x4  
Tags
 
Add a new tag
Caveats
  • Supply blocks, unpowered buildings, or Contaminate may cause inaccurate times.
  • Supply counts are checked every 10 seconds.